 Dungeon Crawl Stone Soup version 0.31-a0-986-g5e6e4ef867 (webtiles) character file.

Game seed: 14089190528265955966

411 wildpjah the Slasher (level 6, -3/37 HPs)
             Began as a Tengu Gladiator on Nov 20, 2023.
             Killed by nerve-wracking pain
             ... invoked by Menkaure
              (14 damage)
             ... on level 4 of the Dungeon.
             The game lasted 00:04:07 (2626 turns).

wildpjah the Slasher (Tengu Gladiator)              Turns: 2626, Time: 00:04:08

Health: -3/37      AC:  4    Str: 14    XL:     6   Next: 90%
Magic:  7/7        EV: 29    Int:  8    God:
Gold:   127        SH:  0    Dex: 18    Spells: 5/5 levels left

rFire   . . .        a - +0 long sword
rCold   . . .        (no shield)
rNeg    . . .        b - +0 leather armour
rPois   .            c - +0 hat
rElec   .            (no cloak)
rCorr   .            h - +0 pair of gloves
SInv    .            (boots unavailable)
Will    .....        (no amulet)
Stlth   ++           (no ring)
HPRegen 0.26/turn    (no ring)
MPRegen 0.10/turn

%: acrobat
@: acrobatic
A: beak, talons 3, acrobatic
a: no special abilities


You were on level 4 of the Dungeon.
You visited 1 branch of the dungeon, and saw 4 of its levels.

You collected 127 gold pieces.

Inventory:

Hand Weapons
 a - a +0 long sword (weapon)
 e - a +2 dagger of venom
Missiles
 d - 3 throwing nets (quivered)
Armour
 b - a +0 leather armour (worn)
 c - a +0 hat (worn)
 h - a +0 pair of gloves (worn)
Wands
 p - a wand of mindburst (15)
Scrolls
 g - a scroll of amnesia {unknown}
 i - a scroll of noise {unknown}
 j - 2 scrolls of identify {unknown}
 k - a scroll of teleportation {unknown}
 q - a scroll of summoning {unknown}
Potions
 f - a potion of enlightenment {unknown}
 l - a potion of heal wounds {unknown}
 m - a potion of haste {unknown}
 n - a potion of resistance {unknown}
 o - a potion of degeneration {unknown}


   Skills:
 + Level 3.2 Fighting
 + Level 0.5(3.4) Short Blades
 + Level 5.4(5.5) Long Blades
 + Level 2.1 Throwing
 + Level 2.7 Armour
 + Level 4.6 Dodging
 + Level 2.0 Stealth


You had 5 spell levels left.
You didn't know any spells.
Your spell library contained the following spells:

 Spells                   Type           Power      Damage    Failure   Level
 Sting                    Tmut/Pois      0%         1d3       47%         1
 Ensorcelled Hibernation  Hex/Ice        0%         N/A       63%         2
 Jinxbite                 Hex            0%         N/A       63%         2
 Poisonous Vapours        Pois/Air       0%         N/A       63%         2
 Anguish                  Hex/Necr       0%         N/A       99%         4
 Olgreb's Toxic Radiance  Pois           0%         N/A       99%         4


Dungeon Overview and Level Annotations

Branches:
Dungeon (4/15)
 Temple: D:4-7

Altars:
The Shining One

Shops:
D:2 *

Annotations:
D:4 Grinder, Menkaure


Innate Abilities, Weirdness & Mutations

You have a beak for a mouth.
You have claws for feet.
You can magically evade attacks while moving or waiting.


Message History

Menkaure shouts!
The orc shouts!
Menkaure mumbles some strange words.
Menkaure seems to speed up.
You hit the orc.
The orc is poisoned.
The orc is heavily wounded.
The orc barely misses you.
You closely miss the orc.
The orc is heavily wounded.
The orc completely misses you.
You hit the orc.
The orc looks as sick as possible!
You claw the orc.
You kill the orc!
Menkaure barely misses you.
Your +2 dagger of venom stops dripping with poison.
a - a +0 long sword (weapon)
Menkaure barely misses you.
You closely miss Menkaure. Your kick misses Menkaure.
Grinder comes into view.
She is carrying a wand of flame.
Menkaure barely misses you.
Grinder blinks!
You hit Menkaure. You claw Menkaure, but do no damage.
Menkaure is lightly damaged.
Menkaure barely misses you.
Menkaure calls on the powers of darkness!
Your body is wracked with pain!
You barely miss Menkaure. You claw Menkaure, but do no damage.
Menkaure misses you. Menkaure attacks as he pursues you!
Menkaure completely misses you.
Grinder blinks!
Menkaure hits you but does no damage. Menkaure attacks as he pursues you!
Menkaure completely misses you. Menkaure attacks as he pursues you!
Menkaure completely misses you.
Grinder says, "You look like you could use a good racking."
Menkaure completely misses you.
You slash Menkaure!
Menkaure is heavily damaged.
Grinder grins, showing sharp teeth.
Grinder blinks!
Menkaure hits you!
* * * LOW HITPOINT WARNING * * *
Menkaure gestures at you while chanting.
Pain shoots through your body!
You die...

........#..........
#....$............
##................
##......§.....!..
##....†.........
##......####...
##....M# #.
##.#..## ###..@#
##..# #..## ##))#
#.<## #)).# ##..#
#.... .......


You could see Menkaure (fast).

Vanquished Creatures
  Sigmund (D:3)
  A phantom (D:2)
  Jessica (D:3)
  Ijyb (D:3)
  Robin (D:4)
  A gnoll (D:1)
  3 adders (D:2)
  3 dart slugs
  An orc (D:4)
  5 endoplasms
  5 giant cockroaches
  13 goblins
  9 hobgoblins
  2 quokkas
  4 ball pythons
  5 bats
  3 frilled lizards
  5 kobolds
  7 rats
71 creatures vanquished.

Notes
Turn   | Place    | Note
-------+----------+-------------------------------------------
     0 | D:1      | wildpjah the Tengu Gladiator began the quest for the Orb.
     0 | D:1      | Reached XP level 1. HP: 12/12 MP: 2/2
   127 | D:1      | Reached XP level 2. HP: 12/17 MP: 3/3
   451 | D:1      | Reached XP level 3. HP: 21/21 MP: 4/4
  1138 | D:2      | Noticed a phantom
  1148 | D:2      | Killed a phantom
  1149 | D:2      | Reached skill level 4 in Long Blades
  1149 | D:2      | Reached skill level 1 in Armour
  1149 | D:2      | Reached XP level 4. HP: 14/27 MP: 5/5
  1287 | D:2      | Reached XP level 5. HP: 32/32 MP: 6/6
  1577 | D:2      | Found Nodghalu's Assorted Antiques.
  2018 | D:3      | Noticed Sigmund
  2026 | D:3      | Killed Sigmund
  2027 | D:3      | Reached skill level 5 in Long Blades
  2027 | D:3      | Reached skill level 1 in Stealth
  2027 | D:3      | Reached XP level 6. HP: 34/37 MP: 7/7
  2205 | D:3      | Noticed Jessica
  2222 | D:3      | Killed Jessica
  2294 | D:3      | Found a glowing golden altar of the Shining One.
  2345 | D:3      | Noticed Ijyb
  2356 | D:3      | Killed Ijyb
  2526 | D:4      | Noticed Robin
  2579 | D:4      | Killed Robin
  2608 | D:4      | Noticed Menkaure
  2614 | D:4      | Noticed Grinder
  2626 | D:4      | Killed from afar by Menkaure

Illustrated notes

Levels and vault maps discovered:
D:1:      dpeg_arrival_arbitrary_a, layout_basic
D:2:      layout_loops_ring, serial_shops, shop
D:3:      layout_rooms, nicolae_tso_carved_into_rock, uniq_ijyb, uniq_sigmund,
          uniq_jessica
D:4:      gammafunk_steamed_eel, layout_layer_cave, uniq_crazy_yiuf_cottage,
          uniq_grinder, uniq_duvessa, uniq_robin, uniq_menkaure

Skill      XL: |  1  2  3  4  5  6 |
---------------+-------------------+-----
Dodging        | 4 |  4.6
Long Blades    | 4 5 |  5.4
Armour         | 1 2 |  2.7
Fighting       | 3 |  3.2
Stealth        | 1 2 |  2.0
Short Blades   | |  0.5
Throwing       | |  2.1

Action                     |  1- 3 |  4- 6 || total
---------------------------+-------+-------++-------
  Melee: Long sword        |    66 |    42 ||   108
         Peck              |     9 |    14 ||    23
         Kick              |    14 |    22 ||    36
         Dagger            |       |    64 ||    64
  Throw: Javelin           |     1 |       ||     1
         Throwing net      |       |     2 ||     2
   Stab: Sleeping          |       |     2 ||     2
         Held in net/web   |       |     2 ||     2
 Armour: Leather armour    |    34 |    34 ||    68
  Dodge: Dodged            |    58 |    80 ||   138

Table legend: (Time is in decaauts)
 A = Elapsed time spent in this place.
 B = Non-inter-level travel time spent in this place.
 C = Inter-level travel time spent in this place.
 D = Time resting spent in this place.
 E = Time spent auto-exploring this place.
 F = Levels seen in this place.
 G = Mean time per level.
                   A        B        C        D        E       F      G
               +--------+--------+--------+--------+--------+-----+--------+
         Total |   2636 |   2551 |     85 |      0 |   2078 |   4 |  659.0 |
       Dungeon |   2636 |   2551 |     85 |      0 |   2078 |   4 |  659.0 |
               +--------+--------+--------+--------+--------+-----+--------+

Top non-repeatable levels by time:
     D:1: 1134 daAuts
     D:2: 858 daAuts
     D:3: 581 daAuts
     D:4: 63 daAuts
